 Dungeon Crawl Stone Soup version 0.19-a0-1193-g2641e52 (webtiles) character file.

154 rlgrobin the Chopper (level 5, -6/41 HPs)
             Began as a Formicid Fighter on Aug 19, 2016.
             Killed by divine providence
             ... invoked by an orc priest
              (11 damage)
             ... on level 3 of the Dungeon.
             The game lasted 00:05:39 (3049 turns).

rlgrobin the Chopper (Formicid Fighter)             Turns: 3049, Time: 00:05:41

Health: -6/41      AC:  8    Str: 21    XL:     5   Next: 62%
Magic:  5/5        EV:  7    Int:  7    God:
Gold:   166        SH:  9    Dex: 11    Spells: 0 memorised, 4 levels left

rFire  . . .     SeeInvis +     a - +0 war axe
rCold  . . .     Gourm    .     b - +0 scale mail
rNeg   . . .     Faith    .     c - +0 shield
rPois  .         Spirit   .     (helmet unavailable)
rElec  .         Dismiss  .     o - +0 cloak
rCorr  .         Reflect  .     (no gloves)
MR     .....     Harm     .     (no boots)
Stlth  ..........               (no amulet)
                                (no ring)
                                (no ring)

@: no status effects
A: permanent stasis, dig shafts and tunnels, four strong arms, antennae 3
a: Dig, Shaft Self


You were on level 3 of the Dungeon.
You were not hungry.

You visited 1 branch of the dungeon, and saw 3 of its levels.

You collected 166 gold pieces.


Innate Abilities, Weirdness & Mutations

You are under a permanent stasis effect.
You can dig through walls and to a lower floor.
Your four strong arms can wield two-handed weapons with a shield.
You have a pair of large antennae on your head. (SInv)


   Skills:
 - Level 3.2 Fighting
 + Level 5.4 Axes
 - Level 3.2 Armour
 - Level 3.6 Shields


You had 4 spell levels left.
You didn't know any spells.

Inventory:

Hand Weapons
 a - a +0 war axe (weapon)
Armour
 b - a +0 scale mail (worn)
 c - a +0 shield (worn)
 o - a +0 cloak (worn)
Wands
 r - a wand of iceblast (10/15)
Scrolls
 i - a scroll of blinking {unknown}
 j - a scroll of recharging {unknown}
 k - a scroll of teleportation {unknown}
 l - a scroll of identify {unknown}
 m - a scroll of fear {unknown}
 s - a scroll of amnesia {unknown}
 t - a scroll of immolation {unknown}
Potions
 d - a potion of might
 e - a potion of agility {unknown}
 n - a potion of cure mutation {unknown}
 p - 3 potions of haste {unknown}
 q - a potion of cancellation {unknown}
 u - a potion of heal wounds {unknown}
Comestibles
 f - a bread ration
 g - 4 chunks of flesh
 h - 4 meat rations

Dungeon Overview and Level Annotations

Branches:
Dungeon (3/15)

Altars:
Cheibriados
Hepliaklqana
Ru
Xom
The Shining One

▒.▒.▒.▒▒▒ ▒............▒.▒
▒.▒..... ▒..▒▒▒▒▒▒▒▒▒▒▒.▒
▒<▒..)▒ ▒..▒ ▒........▒
▒.▒...▒▒▒▒▒▒▒▒▒..▒▒▒▒.▒▒▒▒▒▒▒▒
▒▒▒.▒...................▒
▒...............▒▒▒▒▒▒▒▒▒
▒.....▒..>...[..o......
.......▒.▒▒...▒▒o▒▒▒▒▒▒▒
.......▒.▒▒..<▒▒a▒
.......▒.▒▒...▒▒.▒
▒▒▒▒.▒.▒.▒....▒▒.▒
▒.▒.▒<▒....▒▒.▒ ▒.
.▒.▒....▒▒.▒ ▒ ▒.▒....▒▒.▒ ▒
▒.▒.▒▒▒▒▒.▒ ▒ ▒.▒.▒ ▒.▒ { ▒
▒.▒ ▒.▒


You could see 2 orc priests.


Message History

The orc priest casts a cantrip, but nothing happens.
You block the orc's attack. You block the orc priest's attack.
You hit the orc.
The orc is almost dead.
You block the orc's attack.
The orc priest looks braver for a moment.
You block the orc priest's attack.
You hit the orc.
You kill the orc!
The orc priest barely misses you. The orc priest hits you with a dagger.
* * * LOW HITPOINT WARNING * * *
Evoke which item? (* to show all) (? for menu, Esc to quit)
Okay, then.
Your shield and scale mail prevent you from hitting the orc priest.
The orc priest hits you but does no damage.
The orc priest closely misses you.
You slice the orc priest!!
You kill the orc priest!
The orc priest looks braver for a moment.
The orc priest hits you but does no damage.
You slash the orc priest!
The orc priest is almost dead.
The orc priest invokes the aid of Beogh against you.
Beogh smites you!
* * * LOW HITPOINT WARNING * * *
The orc priest calls down the wrath of Beogh upon you.
Beogh smites you!
You die...

Action                   |  1- 3 |  4- 6 || total
-------------------------+-------+-------++-------
Melee: War axe           |   135 |    99 ||   234
  Eat: Chunk             |     1 |     6 ||     7
Armor: Scale mail        |    75 |    47 ||   122
Dodge: Dodged            |    44 |    23 ||    67
Block: Shield            |    79 |    53 ||   132

Vault maps used:
D:1:      lightli_arrival_isolated_outpost, roderic_serpentine_path,
          grunt_decor_clamped
D:2:      lemuel_crystal_altar, lemuel_round_altar, nicolae_ru_path_of_blood,
          old_standard_altar, minivault_23, grunt_ministairs_13,
          serial_bayou_ford_a, serial_bayou_pond_e
D:3:      nicolae_overflow_crystal_walls

Notes
Turn   | Place    | Note
-------+----------+-------------------------------------------
     0 | D:1      | rlgrobin the Formicid Fighter began the quest for the Orb.
     0 | D:1      | Reached XP level 1. HP: 18/18 MP: 1/1
   128 | D:1      | Reached XP level 2. HP: 24/24 MP: 2/2
   291 | D:1      | Reached skill level 3 in Axes
   520 | D:1      | Reached XP level 3. HP: 28/29 MP: 3/3
  1202 | D:2      | Reached skill level 4 in Axes
  1202 | D:2      | Reached XP level 4. HP: 20/35 MP: 4/4
  1551 | D:2      | Found a shimmering altar of Xom.
  1723 | D:2      | Found a hazy altar of Hepliaklqana.
  1828 | D:2      | Found a glowing golden altar of the Shining One.
  1914 | D:2      | Reached XP level 5. HP: 39/41 MP: 5/5
  2324 | D:2      | Found a sacrificial altar of Ru.
  2465 | D:3      | Found a snail-covered altar of Cheibriados.
  2488 | D:3      | Reached skill level 5 in Axes
  3049 | D:3      | Killed from afar by an orc priest

Vanquished Creatures
  An orc priest (D:3)
  3 adders (D:2)
  An ooze (D:2)
  3 worms (D:2)
  2 dart slugs (D:1)
  A giant gecko (D:1)
  7 orcs (D:3)
  3 giant cockroaches
  9 goblins
  8 hobgoblins
  6 jackals
  9 kobolds
  A quokka (D:2)
  A ball python (D:3)
  6 bats
  3 giant newts
  6 rats
70 creatures vanquished.
